 Dungeon Crawl Stone Soup version 0.28.0 (webtiles) character file.

Game seed: 1258439896265280703

3259 browni3141 the Fighter (level 9, -3/83 HPs)
             Began as a Minotaur Berserker on Feb 14, 2022.
             Was an Elder of Trog.
             Slain by a vampire (5 damage)
             ... on level 8 of the Dungeon on Feb 15, 2022.
             The game lasted 00:04:05 (7896 turns).

browni3141 the Fighter (Minotaur Berserker)         Turns: 7896, Time: 00:04:06

Health: -3/83      AC: 17    Str: 27    XL:     9   Next: 68%
Magic:  8/8        EV: 11    Int:  4    God:    Trog [****..]
Gold:   282        SH:  0    Dex: 15    Spells: 8/8 levels left

rFire   . . .      SeeInvis .   o - +1 hand axe (venom)
rCold   . . .      Faith    +   (no shield)
rNeg    . . .      Spirit   .   A - +0 plate armour
rPois   +          Reflect  .   (helmet restricted)
rElec   .          Harm     .   G - +1 cloak {Stlth+}
rCorr   .          Rampage  .   u - +0 pair of gloves
Will    .....                   (no boots)
Stlth   ..........              E - amulet of faith
HPRegen 0.23/turn               v - ring of poison resistance
MPRegen 0.11/turn               e - +6 ring of strength

@: confused
A: horns 2, retaliatory headbutt
a: Renounce Religion, Berserk, Trog's Hand, Brothers in Arms


You were on level 8 of the Dungeon.
You worshipped Trog.
Trog was greatly pleased with you.
You visited 2 branches of the dungeon, and saw 9 of its levels.

You collected 321 gold pieces.
You spent 39 gold pieces at shops.

Inventory:

Hand Weapons
 a - a +0 hand axe
 o - a +1 hand axe of venom (weapon)
Missiles
 i - 2 curare-tipped darts (quivered)
Armour
 b - a +0 animal skin
 u - a +0 pair of gloves (worn)
 y - a +0 cloak
 A - a +0 plate armour (worn)
 G - a +1 cloak of stealth (worn)
Jewellery
 c - a ring of fire
 e - a +6 ring of strength (right hand)
 q - a ring of see invisible
 v - a ring of poison resistance (left hand)
 x - the amulet "Bavvycle" {Spirit Fly}
   (You found it on level 4 of the Dungeon)

   [amulet of guardian spirit]

   It causes incoming damage to be divided between your reserves of health and
   magic.
   Fly:       It grants you flight.
 E - an amulet of faith (around neck)
Wands
 s - a wand of paralysis (9)
 C - a wand of charming (5)
Scrolls
 d - 2 scrolls of magic mapping {unknown}
 f - a scroll of enchant weapon {unknown}
 g - a scroll of noise {unknown}
 l - 3 scrolls of teleportation {unknown}
 m - 10 scrolls of identify {unknown}
 w - 2 scrolls of amnesia {unknown}
 z - a scroll of fog {unknown}
 B - a scroll of immolation {unknown}
 F - 3 scrolls of blinking {unknown}
 H - a scroll of enchant armour {unknown}
Potions
 h - 6 potions of curing
 j - 2 potions of might {unknown}
 k - 2 potions of lignification {unknown}
 n - a potion of attraction {unknown}
 p - a potion of resistance {unknown}
 r - a potion of berserk rage {unknown}
 t - a potion of ambrosia {unknown}
 D - a potion of brilliance {unknown}


   Skills:
 + Level 9.0 Fighting
 + Level 9.0 Axes
 + Level 8.5 Armour
 + Level 7.9 Dodging


You had 8 spell levels left.
You didn't know any spells.
Your spell library was empty.

Dungeon Overview and Level Annotations

Branches:
Dungeon (8/15)             Temple (1/1) D:7
   Lair: D:8-11

Altars:
Cheibriados
Elyvilon
Kikubaaqudgha
Qazlal

Shops:
D:2 ?   D:7 !

Annotations:
D:6 2 transporters, GrayStillPlays's ghost, novice DsFi


Innate Abilities, Weirdness & Mutations

You have a pair of horns on your head.
You reflexively headbutt those who attack you in melee.


Message History

The arrow barely misses you.
The centaur shoots an arrow.
The arrow hits you but does no damage.
The centaur shoots an arrow.
Something hits you! Something bites you but does no damage.
The centaur shoots an arrow.
The arrow closely misses you.
You hear some strange, mumbled words.
You are more confused.
The centaur shoots an arrow.
The arrow hits you.
The centaur unwields a +0 shortbow.
The centaur hits you but does no damage.
The centaur closely misses you. Something hits you but does no damage.
Something bites you but does no damage.
You're too confused to move!
The centaur hits you.
The centaur kicks you but does no damage.
Something draws life force from you!! The centaur closely misses you.
The centaur kicks you but does no damage.
The centaur closely misses you.
The centaur kicks you but does no damage.
You slash the centaur!
You kill the centaur!
Trog accepts your kill.
You hit something. Something hits you.
* * * LOW HITPOINT WARNING * * *
Something bites you but does no damage.
Your Axes skill increases to level 9!
Something hits you but does no damage. Something bites you but does no damage.
Something hits you but does no damage. Something bites you!
* * * LOW HITPOINT WARNING * * *
Something draws strength from your injuries!
You're too confused to move!
Something hits you but does no damage. Something bites you!
* * * LOW HITPOINT WARNING * * *
Something draws strength from your injuries!
You hit something. Something hits you.
* * * LOW HITPOINT WARNING * * *
Something bites you but does no damage.
Unknown command.
You are too confused!
Something hits you.
You die...

#......' #......#
#......# ####
#......# #...
#......#
#...########
+......+
#.......#+##......#
+..)........#+#####
...#+##.@...[.....#
#.....{.......[.#
#...............#
#...............#
#...............#
...#+##########....
.... #.... ...
#....# ..


There were no monsters in sight!

Vanquished Creatures
  Sigmund (D:2)
  2 wyverns (D:7)
  A steam dragon (D:7)
  A water moccasin (D:7)
  2 ice beasts (D:6)
  A black bear (D:6)
  An orc warrior (D:6)
  3 sky beasts
  2 ogres (D:5)
  2 centaurs
  A necrophage (D:7)
  2 phantoms (D:5)
  3 scorpions
  2 wyvern skeletons
  2 water moccasin skeletons (D:5)
  2 howler monkeys
  A centaur zombie (D:5)
  A hound (D:5)
  3 orc priests
  A bullfrog skeleton (D:6)
  A centaur skeleton (D:6)
  4 jellies
  Jessica (D:3)
  A gnoll shaman (D:5)
  4 iguanas
  Crazy Yiuf (D:6)
  4 orc wizards
  A killer bee zombie (D:8)
  A hound zombie (D:5)
  2 hound skeletons (D:5)
  Robin (D:3)
  6 adders
  A river rat (D:4)
  A shadow imp (D:5)
  2 ufetubi
  A worm (D:2)
  2 dart slugs
  24 orcs
  15 endoplasms
  3 giant cockroaches
  12 goblins
  9 hobgoblins
  12 kobolds
  4 quokkas
  4 ball pythons
  5 bats
  A frilled lizard (D:2)
  4 rats
161 creatures vanquished.

Vanquished Creatures (others)
  7 fungi (D:4)
  9 toadstools (D:4)
16 creatures vanquished.

Grand Total: 177 creatures vanquished

Notes
Turn   | Place    | Note
-------+----------+-------------------------------------------
     0 | D:1      | browni3141 the Minotaur Berserker began the quest for the
                  | Orb.
     0 | D:1      | Reached XP level 1. HP: 19/19 MP: 0/0
   616 | D:1      | Reached XP level 2. HP: 27/27 MP: 1/1
  1039 | D:2      | Found Kooliyw's Magic Scroll Boutique.
  1580 | D:2      | Noticed Sigmund
  1588 | D:2      | Killed Sigmund
  1589 | D:2      | Reached XP level 3. HP: 26/35 MP: 2/2
  1589 | D:2      | Reached XP level 4. HP: 31/41 MP: 3/3
  1589 | D:2      | Reached XP level 5. HP: 35/47 MP: 4/4
  1988 | D:3      | Noticed Jessica
  1993 | D:3      | Reached skill level 5 in Fighting
  1993 | D:3      | Reached skill level 5 in Axes
  1993 | D:3      | Killed Jessica
  1994 | D:3      | Reached XP level 6. HP: 56/56 MP: 5/5
  1997 | D:3      | Reached ** piety under Trog
  2057 | D:3      | Found an ancient bone altar of Kikubaaqudgha.
  2062 | D:3      | Found a faded altar of an unknown god.
  2251 | D:3      | Found a stormy altar of Qazlal.
  2260 | D:3      | Noticed Robin
  2285 | D:3      | Killed Robin
  3098 | D:4      | Reached XP level 7. HP: 6/62 MP: 6/6
  3424 | D:4      | Identified the amulet "Bavvycle" {Spirit Fly}
  3501 | D:4      | Reached *** piety under Trog
  3502 | D:4      | Reached skill level 5 in Armour
  4125 | D:5      | Entered Level 5 of the Dungeon
  4136 | D:5      | Reached skill level 5 in Dodging
  4219 | D:5      | Reached XP level 8. HP: 23/71 MP: 7/7
  5412 | D:6      | Found a white marble altar of Elyvilon.
  5478 | D:6      | Reached **** piety under Trog
  5658 | D:6      | Reached XP level 9. HP: 50/81 MP: 8/8
  5874 | D:6      | Found a transporter.
  5875 | D:6      | Found a transporter.
  5875 | D:6      | Noticed GrayStillPlays's ghost (novice DsFi)
  6332 | D:6      | Found a runed translucent door.
  6335 | D:6      | Noticed Crazy Yiuf
  6551 | D:6      | Killed Crazy Yiuf
  7022 | D:7      | Found a staircase to the Ecumenical Temple.
  7198 | D:7      | Found Coudio's Distillery.
  7203 | D:7      | Bought a potion of curing for 39 gold pieces
  7341 | D:7      | Found a snail-covered altar of Cheibriados.
  7744 | Temple   | Entered the Ecumenical Temple
  7894 | D:8      | HP: 3/83 [something (10)]
  7896 | D:8      | Slain by a vampire

Illustrated notes

Levels and vault maps discovered:
D:1:      minmay_arrival_four_loops, layout_loops_ring
D:2:      layout_basic, serial_shops, shop, uniq_sigmund
D:3:      cheibrodos_helix_gallery, layout_rooms, mainiacjoe_overflow_chevrons,
          mainiacjoe_overflow_cross_hatched, basic_ecumenical_altar, uniq_robin,
          uniq_jessica
D:4:      cheibrodos_fertilizer, layout_basic, portal_sewer_entry_b
D:5:      layout_basic, minmay_fractal_squares_diagonal_5
D:6:      layout_basic, overflow_temple_1_default, gammafunk_ghost_arena,
          uniq_crazy_yiuf_cottage
D:7:      layout_loops_ring, marbit_many_paths, minmay_temple_entry_grid,
          serial_shops, nicolae_shop_hallway_stairs, hex_tiny,
          hangedman_abyss_or_decor_jellyfish_corner
D:8:      layout_gridville, chequers_temple_overflow_minitemple
Temple:   nicolae_temple_figure_eight

Skill      XL: |  1  2  3  4  5  6  7  8  9 |
---------------+----------------------------+-----
Fighting       | 4 5 6 7 9 |  9.0
Axes           | 4 5 6 7 9 |  9.0
Armour         | 3 4 5 7 8 |  8.5
Dodging        | 3 4 5 6 7 |  7.9

Action                   |  1- 3 |  4- 6 |  7- 9 || total
-------------------------+-------+-------+-------++-------
Melee: Hand axe          |    55 |    93 |   250 ||   398
       Headbutt          |     3 |    20 |    60 ||    83
       Punch             |       |     1 |     2 ||     3
Invok: Berserk           |     1 |     1 |     4 ||     6
       Trog's Hand       |       |       |     1 ||     1
 Stab: Sleeping          |     1 |     2 |     1 ||     4
Armor: Animal skin       |     8 |    20 |     5 ||    33
       Plate armour      |       |       |   179 ||   179
Dodge: Dodged            |    24 |    69 |   125 ||   218
